 Dungeon Crawl Stone Soup version bcrawl-1.37.1 (webtiles) character file.

Game seed: 2885826942024388918

14387497 zoran the Fighter (level 19, -7/131 HPs)
             Began as an Octopode Archaeologist on Oct 14, 2022.
             Was the Champion of Jiyva.
             Mangled by a jiangshi (20 damage)
             ... on level 1 of the Crypt.
             The game lasted 02:45:54 (33486 turns).

zoran the Fighter (Octopode Archaeologist)         Turns: 33486, Time: 02:45:54

Health: -7/131     AC: 15    Str:  9    XL:     19   Next: 51%
Magic:  34/42      EV: 27    Int: 23    God:    Jiyva [******]
Gold:   507        SH: 22    Dex: 18    Spells: 7/38 levels left

rFire    . . .     GDR:     29% z - +7 demon blade (slice)
rCold    + . .     SeeInvis +   Q - +5 buckler "Mestreni" {rElec rN+++ MR- Regen+}
rNeg     + + +     Gourm    .   i - +2 hat {SInv}
rPois    +         Faith    .   (cloak restricted)
rElec    +         Spirit   .   C - +5 amulet of reflection
rCorr    +         Reflect  +   c - ring of protection from magic
MR       +....     Clarity  +   y - +7 ring of strength
Stlth    +++++++++.             m - ring of stealth
HPRegen  0.71/turn              J - ring of wizardry
MPRegen  0.28/turn              Z - ring "Ywofriwk" {+Fly rPois rC+ Str-5 Int+5}
                                A - ring of insulation
                                D - +5 ring of evasion
                                f - ring "Vonydei" {rPois MP+9 Str-4 Dex+4 Stlth+}

@: no status effects
A: almost no armour, stealthy swim, resist paralysis, amphibious, 8 rings,
constrict 8, molten scales 1, thin metallic scales 1, camouflage 1, clarity,
dopey 1, sense surroundings 2, wild magic 2, eyeballs 1, gelatinous body 1,
MP-powered wands
}: 3/15 runes: decaying, barnacled, slimy
a: Request Jelly, Evolve, Slimify, Cure Bad Mutation, Renounce Religion, Evoke
Flight


You were on level 1 of the Crypt.
You worshipped Jiyva.
Jiyva was exalted by your worship.
You were hungry.

You visited 8 branches of the dungeon, and saw 33 of its levels.
You visited 2 bazaars.
You also visited: Ossuary, Gauntlet and Volcano.

You collected 3131 gold pieces.
You spent 2624 gold pieces at shops.

Inventory:

Hand Weapons
 a - a +5 quick blade of draining
 b - a +0 blowgun
 z - a +7 demon blade of slicing (weapon)
Missiles
 F - 28 curare-tipped needles
 G - a throwing net {=f}
Armour
 i - a +2 hat of see invisible (worn)
 Q - the +5 buckler "Mestreni" (worn) {rElec rN+++ MR- Regen+}
   (You found it on level 5 of the Pits of Slime)

   It insulates you from electricity.
   It renders you almost immune to negative energy.
   It affects your resistance to hostile enchantments.
   It increases your rate of regeneration.
Jewellery
 c - a ring of protection from magic (left tentacle)
 f - the ring "Vonydei" (on tentacle) {rPois MP+9 Str-4 Dex+4 Stlth+}
   (You acquired it on level 1 of the Vaults)

   [ring of magical power]

   It affects your strength (-4).
   It affects your dexterity (+4).
   It protects you from poison.
   It affects your magic capacity (+9).
   It makes you more stealthy.
 m - a ring of stealth (on tentacle)
 y - a +7 ring of strength (right tentacle)
 A - a ring of insulation (on tentacle)
 C - a +5 amulet of reflection (around mantle)
 D - a +5 ring of evasion (on tentacle)
 J - a ring of wizardry (on tentacle)
 R - the ring "Wumona" {Fire Slay+3}
   (You found it on level 5 of the Pits of Slime)

   [ring of fire]

   It enhances your fire magic.
   It affects your accuracy and damage with ranged weapons and melee attacks
   (+3).
   It protects you from fire.
   It makes you vulnerable to cold.
 Z - the ring "Ywofriwk" (on tentacle) {+Fly rPois rC+ Str-5 Int+5}
   (You found it in a Gauntlet)

   [ring of poison resistance]

   It affects your strength (-5).
   It affects your intelligence (+5).
   It protects you from cold.
   It protects you from poison.
   It lets you fly.
Wands
 p - a wand of iceblast (13)
 s - a wand of clouds (5)
 w - a wand of paralysis (12)
 I - a wand of disintegration (10)
 S - a wand of polymorph (21)
Scrolls
 d - 2 scrolls of vulnerability
 g - 2 scrolls of magic mapping
 h - 18 scrolls of remove curse
 j - a scroll of blinking
 k - 5 scrolls of teleportation
 n - 3 scrolls of fog
 o - 2 scrolls of immolation
 H - a scroll of silence
 N - a scroll of brand weapon
 X - 3 scrolls of fear
Potions
 l - 3 potions of flight
 q - a potion of magic
 r - a potion of ambrosia
 u - a potion of might
 v - 2 potions of berserk rage
 B - a potion of haste
 K - 4 potions of mutation
 L - 5 potions of curing
 M - 2 potions of invisibility
 O - 3 potions of lignification
 P - 3 potions of cancellation
 U - a potion of heal wounds
 V - 3 potions of agility
 W - 3 potions of brilliance
Miscellaneous
 t - a lightning rod (1/4)
 E - a sack of spiders
 Y - a phial of floods
Comestibles
 e - 29 rations {!d}


   Skills:
 - Level 12.0 Fighting
 - Level 8.0(10.8) Short Blades
 + Level 11.5(12.4) Long Blades
   Level 2.0 Maces & Flails
 - Level 12.0 Dodging
 - Level 10.0 Stealth
 - Level 8.0 Shields
 - Level 10.0 Spellcasting
 - Level 3.0 Conjurations
 - Level 10.0 Hexes
 - Level 10.0 Necromancy
 - Level 3.0 Translocations
 - Level 10.0 Transmutations
 - Level 3.0 Air Magic
 - Level 12.0 Poison Magic
 - Level 10.0 Invocations
 - Level 10.0 Evocations


You had 7 spell levels left.
You knew the following spells:

 Your Spells              Type           Power        Failure   Level  Hunger
d - Dispel Undead         Necr           #######.     4%          5    ####...
i - Agony                 Necr           #######.     2%          4    #......
l - Blink                 Tloc           N/A          4%          2    None
q - Mephitic Cloud        Conj/Pois/Air  ######..     2%          3    None
r - Regeneration          Chrm/Necr      ######....   4%          3    None
t - Vampiric Draining     Necr           #######...   1%          3    None
x - Infestation           Hex/Tmut/Pois  #######..    14%         6    #####..
y - Animate Dead          Necr           N/A          2%          4    #......
z - Magic Dart            Conj           ####         3%          1    None

Your spell library contained the following spells:

 Spells                   Type           Power        Failure   Level  Hunger
 Necrotize                Necr           ######       1%          1    None
 Slow                     Hex            #######.     1%          1    None
 Spider Form              Tmut/Pois      ###          1%          3    None
 Passwall                 Tmut/Erth      ######..     2%          2    None
 Tree Form                Hex/Tmut       N/A          2%          4    #......
 Static Discharge         Air            #####.       3%          1    None
 Shock                    Conj/Air       #####..      4%          2    None
 Throw Frost              Conj/Ice       ####..       4%          2    None
 Spectral Weapon          Hex/Chrm       ######..     4%          3    None
 Swiftness                Chrm/Air       ####....     7%          2    None
 Freeze                   Ice            ###...       9%          1    None
 Infusion                 Chrm           ###.....     9%          1    None
 Sandblast                Erth           ###...       9%          1    None
 Summon Small Mammal      Summ           ###.         9%          1    None
 Ice Form                 Ice/Tmut       ######..     10%         4    #......
 Petrify                  Tmut/Erth      ######....   10%         4    #......
 Call Imp                 Summ           ###...       12%         2    None
 Song of Slaying          Chrm           ###.....     12%         2    None
 Conjure Flame            Conj/Fire      ####....     12%         3    None
 Stone Arrow              Conj/Erth      ####..       12%         3    None
 Bolt of Draining         Conj/Necr      ######....   14%         5    ####...
 Silence                  Hex/Air        ######....   14%         5    ####...
 Lightning Bolt           Conj/Air       #####...     19%         4    #......
 Call Canine Familiar     Summ           ###.....     21%         3    None
 Ozocubu's Armour         Chrm/Ice       ###.....     21%         3    None
 Throw Icicle             Conj/Ice       ####....     32%         4    #......
 Poison Arrow             Conj/Pois      ######....   38%         6    #####..
 Summon Ice Beast         Ice/Summ       ###.....     47%         4    #......
 Fireball                 Conj/Fire      ####......   58%         5    ####...
 Summon Lightning Spire   Summ/Air       ####....     58%         5    ####...
 Dragon Form              Tmut           #######      58%         7    ######.
 Bolt of Magma            Conj/Fire/Erth ####......   65%         5    ####...
 Statue Form              Tmut/Erth      ######...    69%         6    #####..
 Lee's Rapid Deconstruct  Erth           ###.......   78%         5    ####...
 Steam Barrier            Chrm/Fire      ###.......   78%         5    ####...
 Mana Rupture             Conj/Hex       ######....   95%         7    ######.
 Bolt of Cold             Conj/Ice       ####......   98%         6    #####..
 Bolt of Fire             Conj/Fire      ####......   98%         6    #####..
 Iron Shot                Conj/Erth      ####......   98%         6    #####..
 Necromutation            Tmut/Necr      #######.     99%         8    #######
 Ignition                 Fire           ###.......   100%        8    #######
 Shatter                  Erth           ###.......   100%        9    #######


Dungeon Overview and Level Annotations

Branches:
Dungeon (12/12)            Temple (0/1) D:4            Lair (6/6) D:9
  Swamp (3/3) Lair:3       Shoals (3/3) Lair:2        Slime (5/5) Lair:5
    Orc (1/1) D:9             Elf (0/3) Orc          Vaults (2/3) D:11
  Crypt (1/2) Vaults:2     Depths (0/5) D:12

Altars:
Cheibriados
Dithmenos
Gozag
Hepliaklqana
Kikubaaqudgha
Makhleb
Sif Muna
Trog
Vehumet
Xom
Yredelemnul
Zin
The Shining One
Jiyva

Shops:
D:4 }   D:5 *(   D:12 *   Orc :[[   Vaults:1 *

Annotations:
D:3 exclusion: centaur
D:8 2 transporters
Lair:1 exclusion: hydra
Lair:5 exclusion: oklob plant
Swamp:1 Aizul, Louise
Swamp:2 Bai Suzhen
Slime:5 Royal Jelly
Vaults:2 8 runed translucent doors, Merkolit's ghost, adept CeHu


Innate Abilities, Weirdness & Mutations

You cannot wear most types of armour.
You are very stealthy in the water. (Stealth+)
Your unusual nervous system resists paralysis.
You are amphibious.
You can wear up to eight rings at the same time.
You can use your tentacles to constrict eight enemies at once.
Your skin changes colour to match your surroundings (Stealth+).
Your rubbery body absorbs attacks. (AC +1, EV +1)
You are partially covered in molten scales. (AC +2)
You are partially covered in thin metallic scales. (AC +2)
You possess an exceptional clarity of mind.
You are dopey. (Int -2)
You passively map the area around you.
Your spells are harder to cast, but more powerful.
Your body has grown golden eyes which may confuse attackers. (Acc +3)
You expend magic power (3 MP) to strengthen your wands.


Message History

Your spark wasp shocks the spectral golden dragon!
The vampire mosquito barely misses you.
Casting: Dispel Undead (safe; 4% risk of failure)
Confirm with . or Enter, or press ? or * to list all spells.
Aiming: Dispel Undead (safe; 4% risk of failure)
Press: ? - help, Shift-Dir - straight line, f/p - curse skull
Aim: a curse skull (almost destroyed, constricted by you)
The curse skull is dispelled!!!
You destroy the curse skull!
Jiyva accepts your kill.
The golden dragon skeleton disappears in a puff of smoke!
The spectral golden dragon disappears in a puff of smoke!
The fire giant simulacrum disappears in a puff of smoke!
The spectral iron dragon disappears in a puff of smoke!
The dire elephant zombie disappears in a puff of smoke!
The manticore skeleton disappears in a puff of smoke!
The vampire mosquito disappears in a puff of smoke!
The ghost moth zombie disappears in a puff of smoke!
The jiangshi claws you!!
You die...

..... ..# ,*,* * , ...#*
,..#* * , ..# ... ..##.#
#.# * * , ..##.#######
#.#
..##...#...###.#########*
* * ,
...............§y§......
..##......>###.Vy§§..# *
, ^.#.........##§y@.V..#
, ..#............§§V..##
,
............####§..V....
, ..##.#......# #....V..#
..##.#......# #.......# ,
* ..##.#...###. ####.####
, , ..##.###.# .# * *,
.........# * * * .. ,,,
..##.....#### * * ,,


You could see 4 jiangshi, a vampire mage (invisible), a friendly spark wasp and
2 friendly hornets.

Vanquished Creatures
  Nikola (Swamp:2)
  Rupert (Lair:5)
  Jorgrun (D:12)
  A thorn hunter (Swamp:2)
  A frost giant (Shoals:3)
  The ghost of Winsalot the Eclecticist, a journeyman DjCj of Cheibriados (Swamp:2)
  3 vault wardens
  A curse skull (Crypt:1)
  3 very ugly things
  A red draconian (Volcano)
  A minotaur (Gauntlet)
  4 dire elephants (Vaults:1)
  A yaktaur captain (Vaults:2)
  2 merfolk impalers (Shoals:3)
  A jiangshi (Crypt:1)
  3 vault guards
  2 fire dragons
  An ice dragon (Vaults:2)
  18 hydras
  A shambling mangrove (Swamp:2)
  Erica (Orc)
  2 ghost crabs
  2 merfolk aquamancers (Shoals:3)
  13 two-headed ogres
  4 ogre magi
  Sonja (Lair:5)
  2 death yaks (Lair:6)
  10 alligators
  2 satyrs
  An alligator snapping turtle (Shoals:3)
  3 sea snakes (Shoals:3)
  An orc high priest (Orc)
  A deep troll (D:11)
  13 centaur warriors
  2 hell knights (Vaults:1)
  A fire crab (Swamp:3)
  A spriggan druid (Swamp:2)
  An unseen horror (D:11)
  A tengu zombie (Vaults:2)
  3 swamp dragons
  A flayed ghost (Vaults:2)
  A wizard (Vaults:2)
  A deep elf archer (Vaults:2)
  A phantasmal warrior (Vaults:2)
  8 ironheart convokers
  3 cyclopes
  Pikel (D:6)
  5 harpies
  A necromancer (Vaults:2)
  A wolf spider (Lair:6)
  9 fauns
  A harpy (shapeshifter) (Vaults:1)
  6 ugly things
  11 orc sorcerers (Orc)
  4 manticores
  A salamander (shapeshifter) (D:11)
  2 merfolk sirens (Shoals:3)
  6 elephants
  3 vault sentinels
  A guardian serpent (Lair:6)
  A gargoyle (Volcano)
  2 water nymphs
  14 black mambas
  3 rime drakes
  16 cane toads
  9 komodo dragons
  2 freezing wraiths
  10 yaktaurs
  11 merfolk
  A queen bee (Lair:3)
  6 polar bears
  2 wind drakes
  3 meliai (D:12)
  A troll (D:12)
  10 tyrant leeches
  A raiju (Lair:6)
  A harpy skeleton (D:11)
  A sphinx simulacrum (Vaults:1)
  11 dream sheep (Lair:6)
  10 hornets
  6 blink frogs
  7 bog bodies
  9 snapping turtles
  12 hippogriffs
  A meliai zombie (D:8)
  2 shadows (D:11)
  Sigmund (D:5)
  7 spriggans
  9 wyverns (Lair:6)
  7 yaks
  2 water elementals
  A basilisk (Lair:1)
  A fire elemental (Swamp:3)
  2 wraiths
  6 fire bats
  2 redbacks
  12 vampire mosquitoes
  5 wargs
  9 swamp worms
  2 acid dragons
  10 crocodiles
  20 water moccasins
  10 hell hounds
  6 porcupines
  3 ice beasts
  6 orc warriors
  7 swamp drakes
  11 black bears
  2 phantoms (D:8)
  8 ogres
  2 sky beasts
  A soldier ant (D:12)
  20 wolves
  5 boggarts
  An elf zombie (Ossuary)
  A fire crab zombie (Crypt:1)
  13 bullfrogs
  9 centaurs
  2 scorpions
  A human simulacrum (Vaults:2)
  29 killer bees
  10 wights
  6 electric eels
  5 orc priests
  10 crimson imps
  A bullfrog zombie (D:6)
  6 lava snakes (Volcano)
  2 human zombies
  A quasit (D:9)
  A bullfrog skeleton (D:6)
  3 hounds
  23 orc wizards
  5 iguanas
  A demonspawn skeleton (Crypt:1)
  7 worker ants
  3 kobold zombies (Ossuary)
  A hound skeleton (D:4)
  A howler monkey zombie (D:6)
  2 mummies (Ossuary)
  7 gnolls
  5 adders
  3 shadow imps
  2 white imps (D:7)
  2 adder skeletons
  A worm (D:2)
  2 dart slugs
  4 leopard geckos
  33 orcs
  9 goblins
  9 hobgoblins
  8 jackals (D:2)
  A kobold (D:2)
  2 quokkas
  A ball python (D:6)
  3 bats
  3 frilled lizards
  4 goblin zombies
  5 hobgoblin zombies (Ossuary)
  A jackal skeleton (Crypt:1)
  An orc zombie (Ossuary)
  3 rats (D:2)
  A rat zombie (D:4)
  A plant (Lair:6)
764 creatures vanquished.

Vanquished Creatures (collateral kills)
  3 vault wardens
  2 ironheart preservers
  5 very ugly things
  A dire elephant (Vaults:1)
  A spark wasp (shapeshifter) (Vaults:2)
  A merfolk javelineer (Shoals:3)
  A yaktaur captain (Vaults:2)
  3 jiangshi (Crypt:1)
  2 fire dragons
  3 merfolk impalers
  A hydra (Swamp:3)
  A vault guard (Vaults:1)
  An anaconda (Lair:6)
  2 shambling mangroves (Swamp:3)
  3 merfolk aquamancers
  3 merfolk avatars
  An alligator snapping turtle (Shoals:3)
  A catoblepas (Lair:6)
  3 satyrs
  2 ironheart beastmasters (Vaults:1)
  3 two-headed ogres
  An ogre mage (Vaults:2)
  5 sea snakes
  6 centaur warriors
  3 hell knights (Vaults:1)
  An anaconda zombie (Crypt:1)
  A wizard (Vaults:1)
  2 cyclopes (Vaults:2)
  5 harpies (Shoals:3)
  2 necromancers (Vaults:1)
  16 fauns
  A sphinx skeleton (Vaults:2)
  5 ugly things
  7 manticores
  3 merfolk sirens
  2 vault sentinels (Vaults:1)
  A water nymph (Shoals:1)
  2 human skeletons
  2 cane toads (Lair:6)
  4 yaktaurs
  3 wind drakes
  5 merfolk (Shoals:3)
  A raiju (Lair:6)
  2 hornets (Swamp:3)
  4 polar bears (Lair:6)
  A snapping turtle (Shoals:3)
  3 hippogriffs
  A basilisk (Lair:6)
  3 water elementals
  A wraith (Crypt:1)
  A fire bat (Swamp:3)
  A steam dragon (Swamp:3)
  A vampire mosquito (Swamp:3)
  A yaktaur simulacrum (Vaults:1)
  A warg (Lair:6)
  A water moccasin (Lair:6)
  An ogre skeleton (Vaults:1)
  A swamp drake (Swamp:3)
  3 hell hounds (Lair:6)
  2 black bears (Lair:6)
  3 ogres
  A wolf (Lair:6)
  A boggart (Vaults:1)
  A human simulacrum (Vaults:1)
  2 fungi (Lair:6)
  2 plants
159 creatures vanquished.

Vanquished Creatures (others)
  A vault warden (Vaults:1)
  3 dire elephants (Vaults:1)
  A yaktaur captain (Vaults:1)
  A glowing orange brain (D:12)
  A rakshasa (D:12)
  A great orb of eyes (Vaults:1)
  A death knight (Vaults:1)
  2 death yaks (Lair:6)
  A satyr (Shoals:1)
  An ironheart beastmaster (Vaults:1)
  A goliath frog (Lair:6)
  A necromancer (Vaults:1)
  A lindwurm (Swamp:3)
  An ugly thing (D:12)
  A vault sentinel (Vaults:1)
  A jumping spider (shapeshifter) (D:12)
  An eye of draining (shapeshifter) (D:12)
  An eye of draining (D:12)
  A yaktaur (Vaults:1)
  A troll (shapeshifter) (Gauntlet)
  A polar bear (shapeshifter) (D:12)
  Grinder (D:6)
  A polar bear (Lair:5)
  15 slime creatures
  A hippogriff (D:10)
  2 blink frogs (Lair:5)
  A raiju (Lair:6)
  Grum (Lair:5)
  A tarantella (shapeshifter) (Gauntlet)
  A wraith (Vaults:1)
  A wyvern (Lair:5)
  7 yaks
  Menkaure (D:6)
  A vampire mosquito (Swamp:3)
  A steam dragon (Swamp:3)
  2 wargs (Lair:6)
  A water moccasin (Lair:5)
  A swamp worm (shapeshifter) (D:12)
  A crocodile (D:9)
  3 porcupines
  5 orc warriors (D:9)
  5 swamp drakes (Swamp:3)
  An ice beast (D:9)
  A slave (D:6)
  2 black bears (D:9)
  An ogre (D:10)
  4 wolves
  5 bullfrogs
  A centaur (D:3)
  A wyvern skeleton (D:9)
  A scorpion (D:9)
  5 wights (D:9)
  5 electric eels (D:9)
  3 orc priests (D:9)
  2 crimson imps
  49 jellies
  A hound (D:10)
  An orc wizard (D:6)
  2 iguanas (D:10)
  3 worker ants
  A hound skeleton (D:9)
  5 oozes
  An adder (D:9)
  A shadow imp (D:6)
  An adder skeleton (D:9)
  19 orcs
  A hobgoblin (D:3)
  2 kobolds (D:3)
  A bat (D:2)
  79 fungi
  65 plants
341 creatures vanquished.

Grand Total: 1264 creatures vanquished

Notes
Turn   | Place    | Note
-------+----------+-------------------------------------------
     0 | D:1      | zoran the Octopode Archaeologist began the quest for the
                  | Orb.
     0 | D:1      | Reached XP level 1. HP: 13/13 MP: 1/1
   279 | D:1      | Reached skill level 5 in Stealth
   279 | D:1      | Reached XP level 2. HP: 13/18 MP: 2/2
   878 | D:2      | Reached XP level 3. HP: 22/23 MP: 3/3
   973 | D:2      | Found a burning altar of Makhleb.
  1189 | D:2      | Found a faded altar of an unknown god.
  1199 | D:2      | Reached skill level 1 in Evocations
  1214 | D:2      | Prayed at the altar of an unknown god.
  1214 | D:2      | Became a worshipper of Jiyva Japnowk the Shapeless
  1214 | D:2      | Reached ** piety under Jiyva
  1438 | D:2      | Reached XP level 4. HP: 28/28 MP: 4/4
  1704 | D:3      | Gained mutation: One of your tentacles bears a spike.
                  | [Jiyva's grace]
  1905 | D:3      | Noticed a centaur
  2034 | D:3      | Killed a centaur
  2035 | D:3      | Reached XP level 5. HP: 34/34 MP: 6/6
  2035 | D:3      | Identified a scroll of acquirement
  2053 | D:3      | Identified the ring of Usabaacs {*Corrode rElec rN+ MR+
                  | SInv} (You acquired it on level 3 of the Dungeon)
  2315 | D:3      | Found a shimmering altar of Xom.
  2393 | D:4      | Reached skill level 5 in Dodging
  2419 | D:4      | Found a sand-covered staircase.
  2428 | Ossuary  | Entered an ossuary
  2468 | Ossuary  | Reached XP level 6. HP: 39/41 MP: 7/7
  2552 | Ossuary  | Reached skill level 1 in Short Blades
  2694 | D:4      | Found a hazy altar of Hepliaklqana.
  2705 | D:4      | Reached XP level 7. HP: 45/46 MP: 8/8
  2747 | D:4      | Lost mutation: One of your tentacles bears a spike.
                  | [Jiyva's grace]
  2869 | D:4      | Reached *** piety under Jiyva
  2949 | D:4      | Found Qineskop's Gadget Shop.
  2958 | D:4      | Bought a wand of acid (9) for 240 gold pieces
  3156 | D:4      | Found a staircase to the Ecumenical Temple.
  3359 | D:5      | Entered Level 5 of the Dungeon
  3383 | D:5      | Found Avajouxt's Antique Weapon Shoppe.
  3392 | D:5      | Found a shimmering blue altar of Sif Muna.
  3404 | D:5      | Found Gozag's Platinum Reserve.
  3407 | D:5      | Found an opulent altar of Gozag.
  3501 | D:5      | Noticed Sigmund
  3514 | D:5      | Killed Sigmund
  3515 | D:5      | Reached XP level 8. HP: 52/54 MP: 8/10
  3725 | D:5      | Got a warped war axe
  3917 | D:6      | Reached skill level 5 in Fighting
  4047 | D:6      | Found a snail-covered altar of Cheibriados.
  4075 | D:6      | Noticed a slime creature
  4093 | D:6      | Noticed Pikel
  4107 | D:6      | Killed Pikel
  4108 | D:6      | Reached skill level 5 in Short Blades
  4108 | D:6      | Reached skill level 5 in Evocations
  4108 | D:6      | Reached XP level 9. HP: 34/62 MP: 12/12
  4108 | D:6      | Noticed Menkaure
  4147 | D:6      | Killed Menkaure
  4304 | D:6      | Killed Grinder
  4605 | D:7      | Found a glowing golden altar of the Shining One.
  4649 | D:7      | Found a bloodstained altar of Trog.
  4746 | D:7      | Identified the Compendium of Companions and Execration
  4810 | D:7      | Reached **** piety under Jiyva
  4816 | D:7      | Gained mutation: Your skin blends seamlessly with your
                  | surroundings (Stealth++). [Jiyva's grace]
  5106 | D:7      | Reached skill level 10 in Stealth
  5147 | D:7      | Reached XP level 10. HP: 60/68 MP: 11/13
  5817 | D:8      | Found a transporter.
  5822 | D:8      | Found a transporter.
  6084 | D:8      | Found a glowing silver altar of Zin.
  6084 | D:8      | Found a shadowy altar of Dithmenos.
  6249 | D:8      | Found a bloodstained altar of Trog.
  6531 | D:9      | Noticed a cyclops
  6537 | D:9      | Killed a cyclops
  6538 | D:9      | Reached skill level 10 in Fighting
  6538 | D:9      | Reached skill level 1 in Invocations
  6660 | D:9      | Learned a level 1 spell: Magic Dart
  6664 | D:9      | Learned a level 3 spell: Mephitic Cloud
  6716 | D:9      | Reached XP level 11. HP: 42/81 MP: 14/14
  6720 | D:9      | Reached skill level 1 in Poison Magic
  6728 | D:9      | Reached skill level 1 in Air Magic
  6729 | D:9      | Reached skill level 1 in Conjurations
  6802 | D:9      | Found a staircase to the Orcish Mines.
  6826 | D:9      | Reached skill level 1 in Spellcasting
  6842 | D:10     | Entered Level 10 of the Dungeon
  6848 | D:9      | HP: 4/81 [poisoned by an orc warrior]
  7059 | D:9      | Found a staircase to the Lair.
  7281 | D:9      | Lost mutation: Your skin blends seamlessly with your
                  | surroundings (Stealth++). [Jiyva's grace]
  7524 | Lair:1   | Entered Level 1 of the Lair of Beasts
  7545 | Lair:1   | Noticed an eight-headed hydra
  8632 | Lair:2   | Reached skill level 5 in Invocations
  8641 | Lair:2   | Learned a level 4 spell: Agony
  8645 | Lair:2   | Learned a level 3 spell: Vampiric Draining
  8648 | Lair:2   | Learned a level 2 spell: Blink
  8763 | Lair:2   | Reached skill level 1 in Translocations
  8767 | Lair:2   | Reached skill level 1 in Necromancy
  8850 | Lair:2   | Found a staircase to the Shoals.
  9027 | Lair:2   | Noticed a five-headed hydra
  9033 | Lair:2   | Killed a five-headed hydra
  9083 | Lair:2   | Reached skill level 5 in Poison Magic
  9288 | Lair:2   | Reached XP level 12. HP: 58/87 MP: 17/17
  9698 | Lair:3   | Noticed a six-headed hydra
  9708 | Lair:3   | Killed a six-headed hydra
  9719 | Lair:3   | Gained mutation: Your spells are a little harder to cast,
                  | but a little more powerful. [Jiyva's grace]
 10145 | Lair:3   | Learned a level 5 spell: Dispel Undead
 10270 | Lair:2   | Reached ***** piety under Jiyva
 10490 | Lair:2   | Reached skill level 5 in Spellcasting
 10642 | Lair:3   | Reached skill level 5 in Necromancy
 10902 | Lair:3   | Noticed a five-headed hydra
 10993 | Lair:3   | Killed a five-headed hydra
 11247 | Lair:3   | Gained mutation: Your mind is acute. (Int +2) [Jiyva's
                  | grace]
 11384 | Lair:3   | Found a staircase to the Swamp.
 11858 | Lair:4   | Noticed a seven-headed hydra
 11863 | Lair:4   | Killed a seven-headed hydra
 11864 | Lair:4   | Reached XP level 13. HP: 93/95 MP: 20/20
 12722 | Lair:5   | Noticed Grum
 13017 | Lair:5   | Reached skill level 10 in Dodging
 13221 | Lair:5   | Killed Grum
 13244 | Lair:5   | Found a viscous altar of Jiyva.
 13246 | Lair:5   | Found a staircase to the Slime Pits.
 13247 | Lair:5   | Found a viscous altar of Jiyva.
 13427 | Lair:5   | Noticed Sonja
 13436 | Lair:5   | Killed Sonja
 13685 | Lair:5   | Noticed Rupert
 13742 | Lair:5   | Killed Rupert
 13890 | Lair:6   | Entered Level 6 of the Lair of Beasts
 13914 | Lair:6   | Gained mutation: You are partially covered in yellow
                  | scales. (AC +2) [Jiyva's grace]
 14587 | Lair:6   | Reached XP level 14. HP: 103/103 MP: 22/22
 14739 | Lair:6   | Gained mutation: You passively map a small area around you.
                  | [Jiyva's grace]
 15265 | Lair:6   | Learned a level 4 spell: Animate Dead
 15297 | Lair:6   | Gained mutation: Your pliable body absorbs attacks. (AC +2,
                  | EV +2) [Jiyva's grace]
 15831 | Lair:6   | Reached ****** piety under Jiyva
 15875 | Lair:6   | Gained mutation: You are partially covered in molten
                  | scales. (AC +2) [Jiyva's grace]
 16831 | Lair:6   | Gained mutation: Your body has grown golden eyes which may
                  | confuse attackers. (Acc +3) [Jiyva's grace]
 16832 | Lair:6   | Reached skill level 10 in Necromancy
 17048 | Slime:1  | Entered Level 1 of the Pits of Slime
 17050 | Slime:1  | Noticed an azure jelly
 17064 | Slime:3  | Noticed an azure jelly
 17064 | Slime:3  | Noticed an acid blob
 17079 | Slime:3  | Noticed an acid blob
 17080 | Slime:4  | Noticed an azure jelly
 17080 | Slime:4  | Noticed an acid blob
 17080 | Slime:4  | Noticed an azure jelly
 17084 | Slime:5  | Entered Level 5 of the Pits of Slime
 17097 | Slime:5  | Found a viscous altar of Jiyva.
 17098 | Slime:5  | Noticed an acid blob
 17098 | Slime:5  | Noticed an acid blob
 17098 | Slime:5  | Noticed an acid blob
 17099 | Slime:5  | Noticed the Royal Jelly
 17100 | Slime:5  | Noticed an azure jelly
 17100 | Slime:5  | Noticed an acid blob
 17100 | Slime:5  | Noticed an acid blob
 17103 | Slime:5  | Got a fading quick blade
 17112 | Slime:5  | Got a bloodstained short sword
 17114 | Slime:5  | Got a twisted buckler
 17115 | Slime:5  | Noticed an acid blob
 17124 | Slime:5  | Got a faintly glowing wooden ring
 17134 | Slime:5  | Identified the cursed +1 quick blade of Trog's Righteous
                  | Fury {pierce, Str+6 Int+4 Dex-4 SInv} (You found it on
                  | level 5 of the Pits of Slime)
 17134 | Slime:5  | Identified the +7 war axe "Banisher" {drain, rElec Dex+4}
                  | (You found it on level 5 of the Dungeon)
 17134 | Slime:5  | Identified the +8 short sword of Might {pierce, Dex+3} (You
                  | found it on level 5 of the Pits of Slime)
 17134 | Slime:5  | Identified the +5 buckler "Mestreni" {rElec rN+++ MR-
                  | Regen+} (You found it on level 5 of the Pits of Slime)
 17134 | Slime:5  | Identified the ring "Wumona" {Fire Slay+3} (You found it on
                  | level 5 of the Pits of Slime)
 17134 | Slime:5  | Got a slimy rune of Zot
 17135 | Slime:5  | Identified the cursed +0 medium shield "Vugesm" {rPois
                  | Regen+ Str-2 Slay+5} (You found it on level 5 of the Pits
                  | of Slime)
 17173 | Slime:2  | Noticed an azure jelly
 17178 | Slime:1  | Noticed an acid blob
 17183 | Slime:1  | Noticed an acid blob
 17740 | D:10     | Identified the +8 long sword of Annihilation {flame, rElec
                  | rC+ Int+4 Dex-3}
 17981 | Orc      | Entered the Orcish Mines
 17981 | Orc      | Found a roughly hewn altar of Beogh.
 17982 | Orc      | Found a staircase to the Elven Halls.
 18092 | Orc      | Noticed Erica
 18101 | Orc      | Killed Erica
 18101 | Orc      | Lost mutation: Your mind is acute. (Int +2) [Jiyva's grace]
 18110 | Orc      | Reached XP level 15. HP: 84/108 MP: 28/28
 18124 | Orc      | Found a dark tunnel.
 18141 | Volcano  | Entered a volcano
 18215 | Volcano  | Reached skill level 10 in Spellcasting
 18401 | Volcano  | Reached skill level 1 in Shields
 18432 | Volcano  | Found a bloodstained altar of Trog.
 19288 | Orc      | Reached skill level 5 in Shields
 19419 | Orc      | Found Rittanea's Antique Armour Shop.
 19464 | Orc      | Found a radiant altar of Vehumet.
 19501 | Orc      | Gained mutation: You can translocate small distances at
                  | will. [Jiyva's grace]
 19589 | Orc      | Found an ancient bone altar of Kikubaaqudgha.
 19770 | Orc      | Found a roughly hewn altar of Beogh.
 19770 | Orc      | Found Piosoajog's Distillery.
 19771 | Orc      | Found Dievonus's Antique Armour Shop.
 20090 | Orc      | Found Iloegeut's Book Boutique.
 20110 | Orc      | Bought a potion of resistance for 120 gold pieces
 20110 | Orc      | Bought a potion of lignification for 36 gold pieces
 20110 | Orc      | Bought a potion of haste for 120 gold pieces
 20110 | Orc      | Bought a potion of curing for 30 gold pieces
 20110 | Orc      | Bought a potion of curing for 30 gold pieces
 20110 | Orc      | Bought a potion of curing for 30 gold pieces
 20110 | Orc      | Bought a potion of cancellation for 60 gold pieces
 20110 | Orc      | Bought a potion of heal wounds for 60 gold pieces
 20110 | Orc      | Bought a potion of agility for 48 gold pieces
 20110 | Orc      | Bought a potion of heal wounds for 60 gold pieces
 20110 | Orc      | Bought a potion of brilliance for 48 gold pieces
 20120 | Orc      | Bought a book of Battle for 520 gold pieces
 20124 | Orc      | Learned a level 3 spell: Regeneration
 20131 | Orc      | Learned a level 6 spell: Infestation
 20323 | D:11     | Reached skill level 1 in Hexes
 20323 | D:11     | Reached skill level 1 in Transmutations
 20353 | D:11     | Found a gate leading to a gauntlet.
 20362 | Gauntlet | Entered a Gauntlet
 20362 | Gauntlet | Found a transporter.
 20362 | Gauntlet | Found a transporter.
 20368 | Gauntlet | Found a transporter.
 20369 | Gauntlet | Found a transporter.
 20372 | Gauntlet | Found a transporter.
 20372 | Gauntlet | Found a transporter.
 20386 | Gauntlet | Found a transporter.
 20386 | Gauntlet | Found a transporter.
 20387 | Gauntlet | Found a transporter.
 20395 | Gauntlet | Noticed a balrug
 20396 | Gauntlet | Found a transporter.
 20396 | Gauntlet | Found a transporter.
 20617 | Gauntlet | Identified the ring "Ywofriwk" {+Fly rPois rC+ Str-5 Int+5}
 20784 | Gauntlet | Found the +2 ratskin cloak {+Rats rN+}
 21033 | D:11     | Gained mutation: You have a small jelly attached to you
                  | that senses nearby items. [Jiyva's grace]
 21696 | D:11     | Found a gate to the Vaults.
 21931 | Swamp:1  | Entered Level 1 of the Swamp
 22495 | Swamp:1  | HP: 5/108 [four-headed hydra (8)]
 22878 | Swamp:1  | Noticed Louise
 22903 | Swamp:1  | Noticed Aizul
 23249 | Swamp:2  | Reached skill level 5 in Hexes
 23249 | Swamp:2  | Reached XP level 16. HP: 114/114 MP: 30/30
 23298 | Swamp:2  | Reached skill level 5 in Transmutations
 23495 | Swamp:2  | Lost mutation: You can translocate small distances at will.
                  | [Jiyva's grace]
 23503 | Swamp:2  | Found a runed translucent gate.
 23511 | Swamp:2  | Found a runed translucent gate.
 23511 | Swamp:2  | Noticed Winsalot's ghost (journeyman DjCj)
 23512 | Swamp:2  | Found a runed translucent gate.
 23629 | Swamp:2  | Noticed a thorn hunter
 23645 | Swamp:2  | Killed a thorn hunter
 23722 | Swamp:2  | Noticed Bai Suzhen
 23765 | Swamp:2  | Killed Winsalot's ghost
 23852 | Swamp:2  | Identified the +9 lajatang of Eternal Harmony {freeze,
                  | +Blink rN+ Int+3 SInv}
 23927 | Swamp:2  | Noticed Nikola
 23940 | Swamp:2  | Killed Nikola
 23987 | Swamp:3  | Entered Level 3 of the Swamp
 24933 | Swamp:3  | Gained mutation: You possess an exceptional clarity of
                  | mind. [Jiyva's grace]
 24970 | Swamp:3  | Got a decaying rune of Zot
 25196 | Shoals:1 | Entered Level 1 of the Shoals
 25933 | Shoals:1 | Reached skill level 10 in Poison Magic
 25937 | Shoals:1 | Gained mutation: Your magical capacity is low. (-10% MP)
                  | [mutagenic glow]
 25967 | Shoals:1 | Gained mutation: You are dopey. (Int -2) [mutagenic glow]
 26046 | Shoals:1 | Reached XP level 17. HP: 75/119 MP: 22/27
 26048 | Shoals:1 | Lost mutation: Your pliable body absorbs attacks. (AC +2,
                  | EV +2) [Jiyva's grace]
 26517 | Shoals:3 | Entered Level 3 of the Shoals
 26530 | Shoals:3 | Found a flickering gateway to a bazaar.
 26560 | Bazaar   | Entered a bazaar
 26560 | Bazaar   | Found Ehaev's Assorted Antiques.
 26565 | Bazaar   | Found Qoba's Magic Scroll Shoppe.
 26568 | Bazaar   | Bought a scroll of magic mapping for 59 gold pieces
 26568 | Bazaar   | Bought a scroll labeled LIECSAWE SOHI for 17 gold pieces
 26577 | Bazaar   | Found Xuusin's Weapon Emporium.
 26579 | Bazaar   | Bought a scroll of brand weapon for 162 gold pieces
 26579 | Bazaar   | Bought a scroll of fear for 45 gold pieces
 26579 | Bazaar   | Bought a scroll of enchant armour for 67 gold pieces
 26579 | Bazaar   | Bought a scroll of identify for 18 gold pieces
 26579 | Bazaar   | Bought a scroll of immolation for 31 gold pieces
 26579 | Bazaar   | Bought a scroll of vulnerability for 67 gold pieces
 26591 | Bazaar   | Found Caroozog's Antique Weapon Boutique.
 26922 | Shoals:3 | Gained mutation: You expend magic power (3 MP) to
                  | strengthen your wands. [Jiyva's grace]
 27191 | Shoals:3 | Reached skill level 10 in Transmutations
 27196 | Shoals:3 | Reached skill level 10 in Hexes
 27329 | Shoals:3 | Got a barnacled rune of Zot
 27584 | D:12     | Entered Level 12 of the Dungeon
 27734 | D:12     | Found Bar Foqo's Assorted Antiques.
 27742 | D:12     | Bought a potion of might for 144 gold pieces
 27896 | D:12     | Found a shimmering altar of Xom.
 28318 | D:12     | Gained mutation: Your spells are harder to cast, but more
                  | powerful. [Jiyva's grace]
 28466 | D:12     | Found a staircase to the Depths.
 28664 | D:12     | Noticed Jorgrun
 28680 | D:12     | Killed Jorgrun
 28837 | Vaults:1 | Entered Level 1 of the Vaults
 28910 | Vaults:1 | Reached XP level 18. HP: 101/126 MP: 11/28
 28925 | Vaults:1 | Identified the +11 morningstar of Peace {flame, MR+ Dex+2}
                  | (You acquired it on level 1 of the Vaults)
 28925 | Vaults:1 | Identified the +1 hat of Dogmatism {rCorr} (You acquired it
                  | on level 1 of the Vaults)
 28925 | Vaults:1 | Identified the ring "Vonydei" {rPois MP+9 Str-4 Dex+4
                  | Stlth+} (You acquired it on level 1 of the Vaults)
 29597 | Vaults:1 | Lost mutation: You have a small jelly attached to you that
                  | senses nearby items. [Jiyva's grace]
 29801 | Vaults:1 | Reached skill level 10 in Invocations
 29801 | Vaults:1 | Reached skill level 10 in Evocations
 29804 | Vaults:1 | Reached skill level 1 in Long Blades
 30103 | Vaults:1 | Lost mutation: Your magical capacity is low. (-10% MP)
                  | [Jiyva's grace]
 30334 | Vaults:1 | Reached skill level 5 in Long Blades
 30595 | Vaults:1 | Found Utanlenum's Assorted Antiques.
 30637 | Vaults:1 | Bought a scroll of enchant weapon for 187 gold pieces
 31151 | Vaults:2 | Found a flickering gateway to a bazaar.
 31165 | Vaults:2 | Identified the +3 executioner's axe of the Empty Page
                  | {drain, Str+2}
 31176 | Bazaar   | Entered a bazaar
 31239 | Bazaar   | Found Xavuk Cya's Jewellery Shop.
 31239 | Bazaar   | Found Lekok's Book Shop.
 31282 | Bazaar   | Bought an uncursed ring of protection from magic for 425
                  | gold pieces
 31466 | Vaults:2 | Reached XP level 19. HP: 67/131 MP: 16/33
 31466 | Vaults:2 | Gained mutation: You are partially covered in thin metallic
                  | scales. (AC +2) [Jiyva's grace]
 31802 | Vaults:2 | Found a staircase to the Crypt.
 31802 | Vaults:2 | Found an ancient bone altar of Kikubaaqudgha.
 31803 | Vaults:2 | Found a basalt altar of Yredelemnul.
 32073 | Vaults:2 | Reached skill level 10 in Long Blades
 32097 | Vaults:2 | Gained mutation: You passively map the area around you.
                  | [Jiyva's grace]
 32107 | Vaults:2 | Found a large runed translucent door.
 32107 | Vaults:2 | Found a large runed translucent door.
 32107 | Vaults:2 | Found a large runed translucent door.
 32107 | Vaults:2 | Found a large runed translucent door.
 32107 | Vaults:2 | Found a large runed translucent door.
 32107 | Vaults:2 | Found a large runed translucent door.
 32107 | Vaults:2 | Found a large runed translucent door.
 32107 | Vaults:2 | Found a large runed translucent door.
 32107 | Vaults:2 | Noticed Merkolit's ghost (adept CeHu)
 33370 | Crypt:1  | Entered Level 1 of the Crypt
 33472 | Crypt:1  | Lost mutation: You are partially covered in yellow scales.
                  | (AC +2) [Jiyva's grace]
 33486 | Crypt:1  | Mangled by a jiangshi

Skill      XL: |  1  2  3  4  5  6  7  8  9 10 11 12 13 14 15 16 17 18 19 |
---------------+----------------------------------------------------------+-----
Stealth        | 5 7 10 | 10.0
Evocations     | 1 2 3 5 7 10 | 10.0
Maces & Flails | 2 |  2.0
Fighting       | 2 3 4 6 10 11 12 | 12.0
Dodging        | 4 5 6 9 12 | 12.0
Short Blades   | 1 3 5 7 8 |  8.0
Invocations    | 3 5 7 10 | 10.0
Poison Magic   | 5 6 10 12 | 12.0
Air Magic      | 3 |  3.0
Conjurations   | 3 |  3.0
Spellcasting   | 3 5 9 10 | 10.0
Translocations | 2 3 |  3.0
Necromancy     | 2 5 7 10 | 10.0
Shields        | 8 |  8.0
Hexes          | 5 8 10 | 10.0
Transmutations | 4 8 10 | 10.0
Long Blades    | 7 11 | 11.5

Action                   |  1- 3 |  4- 6 |  7- 9 | 10-12 | 13-15 | 16-18 | 19-21 || total
-------------------------+-------+-------+-------+-------+-------+-------+-------++-------
Melee: Whip              |    62 |       |       |       |       |       |       ||    62
       Constrict         |    21 |    17 |    35 |    43 |   133 |    87 |    29 ||   365
       Tentacles         |    12 |    14 |    30 |    76 |   240 |   211 |    40 ||   623
       Dagger            |    27 |    33 |       |       |       |       |       ||    60
       Quick blade       |       |    68 |   178 |   380 |   983 |   878 |       ||  2487
       Kick              |       |    21 |     1 |       |       |       |       ||    22
       Demon blade       |       |       |       |       |    17 |     5 |   181 ||   203
 Fire: Blowgun           |       |       |     4 |     9 |     7 |    13 |       ||    33
Throw: Tomahawk          |       |       |       |   117 |   165 |       |       ||   282
 Cast: Vampiric Draining |       |       |       |       |    30 |     9 |     8 ||    47
       Mephitic Cloud    |       |       |       |       |     3 |     1 |       ||     4
       Animate Dead      |       |       |       |       |    19 |     6 |       ||    25
       Magic Dart        |       |       |       |       |     3 |    38 |       ||    41
       Dispel Undead     |       |       |       |       |     7 |    32 |     3 ||    42
       Agony             |       |       |       |       |     3 |     3 |     1 ||     7
       Blink             |       |       |       |       |     2 |       |       ||     2
       Infestation       |       |       |       |       |       |    62 |    11 ||    73
       Regeneration      |       |       |       |       |       |     4 |       ||     4
Invok: Request Jelly     |       |     2 |       |     1 |     1 |     1 |       ||     5
       Slimify           |       |       |       |     1 |     1 |     1 |       ||     3
 Abil: Evoke Berserk Rag |       |       |       |     2 |    12 |     3 |       ||    17
Evoke: Wand              |       |       |       |    19 |    23 |    25 |     1 ||    68
       Sack of spiders   |       |       |       |       |     5 |     6 |       ||    11
       Phial of floods   |       |       |       |       |     1 |     4 |       ||     5
       Box of beasts     |       |       |       |       |       |     1 |       ||     1
       Lightning rod     |       |       |       |       |       |     3 |     3 ||     6
  Use: Scroll            |       |     4 |     2 |    12 |    12 |    17 |       ||    47
       Potion            |       |       |       |    12 |     6 |     5 |       ||    23
 Stab: Sleeping          |     4 |     8 |    14 |    26 |    31 |    39 |     2 ||   124
       Distracted        |       |       |     1 |     3 |     3 |    11 |     2 ||    20
       Paralysed         |       |       |       |     2 |     2 |       |       ||     4
       Invisible         |       |       |       |       |     4 |       |       ||     4
       Confused          |       |       |       |       |     6 |     6 |     2 ||    14
       Held in net/web   |       |       |       |       |       |     1 |       ||     1
  Eat: Chunk             |     4 |     4 |     8 |    20 |    34 |    31 |    10 ||   111
       Ration            |       |     1 |       |     2 |     9 |     9 |     1 ||    22
Armor: Skin              |    14 |     9 |     5 |    22 |   149 |   158 |    27 ||   384
Dodge: Dodged            |    85 |    46 |    65 |   199 |   592 |   563 |   152 ||  1702
Block: Other             |       |       |       |       |     1 |    92 |    47 ||   140
       Reflection        |       |       |       |       |       |    17 |     6 ||    23
       Buckler           |       |       |       |       |       |       |    59 ||    59
